 Dungeon Crawl Stone Soup version 0.29.1-1-gd02db6906a (webtiles) character file.

Game seed: 3469085906280989994

1 Kold the Trooper (level 1, 0/18 HPs)
             Began as a Demonspawn Monk on Oct 19, 2022.
             Slain by a goblin
             ... wielding a +0 club
              (2 damage)
             ... on level 2 of the Dungeon.
             The game lasted 00:00:10 (49 turns).

Kold the Trooper (Demonspawn Monk)                    Turns: 49, Time: 00:00:12

Health: 0/18       AC:  2    Str: 11    XL:     1   Next: 16%
Magic:  1/1        EV: 13    Int: 11    God:
Gold:   0          SH:  0    Dex: 15    Spells: 0/0 levels left

rFire   . . .      SeeInvis .     - Unarmed
rCold   . . .      Faith    .   (no shield)
rNeg    . . .      Spirit   .   a - +0 robe
rPois   .          Reflect  .   (no helmet)
rElec   .          Harm     .   (no cloak)
rCorr   .          Rampage  .   (no gloves)
Will    .....                   (no boots)
Stlth   ++........              (no amulet)
HPRegen 0.06/turn               (no ring)
MPRegen 0.07/turn               (no ring)

@: lethally poisoned (0 -> -6)
A: no striking features
a: no special abilities


You were on level 2 of the Dungeon.
You visited 1 branch of the dungeon, and saw 2 of its levels.

Inventory:

Armour
 a - a +0 robe (worn)
 d - the +1 leather armour "Cedon Acka" {rC++ Regen+ SInv}
   (You found it on level 2 of the Dungeon)

   rC:        It greatly protects you from cold.
   SInv:      It lets you see invisible.
   Regen:     It increases your rate of health regeneration.
Scrolls
 c - a scroll of magic mapping {unknown}
Potions
 b - a potion of ambrosia


   Skills:
 + Level 3.0 Fighting
 + Level 2.7 Dodging
 + Level 1.8 Stealth
 + Level 2.7 Unarmed Combat


You couldn't memorise any spells.
You didn't know any spells.
Your spell library contained the following spells:

 Spells                   Type           Power      Damage    Failure   Level
 Passage of Golubria      Tloc           0%         N/A       98%         4
 Silence                  Hex/Air        0%         N/A       100%        5
 Lehudib's Crystal Spear  Conj/Erth      0%         10d2      100%        8


Dungeon Overview and Level Annotations

Branches:
Dungeon (1/15)

Altars:


Message History

The goblin misses you.
You hit the goblin.
You kill the goblin!
No target in view!
A worm comes into view.
An adder comes into view.
The adder hisses angrily.
The adder moves out of view.
Found 12 gold pieces.
A goblin comes into view. It is wielding a +0 club.
The goblin shouts!
The goblin unwields a +0 club.
The goblin wields a +0 sling.
The goblin shoots a sling bullet.
The sling bullet barely misses you.
The goblin shoots a sling bullet.
The sling bullet closely misses you.
You see here the +1 leather armour "Cedon Acka" {rC++ Regen+ SInv}.
d - the +1 leather armour "Cedon Acka" {rC++ Regen+ SInv} The adder barely misses you.
The adder misses you. The adder attacks as you move away! The adder bites you.
You see here 12 gold pieces.
The adder bites you.
The goblin shoots a sling bullet.
The sling bullet barely misses you.
The goblin shoots a sling bullet.
The sling bullet misses you. The adder misses you.
The goblin unwields a +0 sling.
The goblin wields a +0 club.
The goblin misses you. The adder bites you.
You are poisoned.
The adder poisons you!
You hit the goblin.
The goblin is heavily wounded.
You feel sick. The adder barely misses you. The goblin hits you with a +0 club.
You hit the goblin but do no damage.
The goblin is heavily wounded.
You feel sick. The adder misses you. The goblin closely misses you.
You closely miss the goblin.
The goblin is heavily wounded.
You feel sick. The adder bites you.
* * * LOW HITPOINT WARNING * * *
You are lethally poisoned!
The adder poisons you! The goblin hits you with a +0 club.
You die...

#.. ## ... .# # . ..#
g#.# #.# #.#####.#.#
....####.##.@g...#
#........##S##.###
#.....)..##w.....#
#........###.w...#...
#...####.............
##... #........)....
#.... #.#######..###
#....####.#####.......
#................ ####


You could see a worm, an adder and a goblin.

Vanquished Creatures
  A goblin (D:2)
1 creature vanquished.

Notes
Turn   | Place    | Note
-------+----------+-------------------------------------------
     0 | D:1      | Kold the Demonspawn Monk began the quest for the Orb.
     0 | D:1      | Reached XP level 1. HP: 18/18 MP: 1/1
     5 | D:1      | You fall into a shaft and drop 1 floor!
    40 | D:2      | Identified the +1 leather armour "Cedon Acka" {rC++ Regen+
                  | SInv}
    49 | D:2      | Slain by a goblin

Illustrated notes

Levels and vault maps discovered:
D:1:      co_arrival_random_square_maze, layout_basic, serial_shops, shop,
          chequers_ecumenical_altar_simple, chequers_avenue
D:2:      layout_basic

Action                   || total
-------------------------++-------
Melee: Unarmed           ||     7
Armor: Robe              ||     1
Dodge: Dodged            ||    13
